 Dungeon Crawl Stone Soup version 0.25-a0-317-g5f8687bca5 (webtiles) character file.

Game seed: 8586628443855134521, levelgen mode: deterministic

110 DerDa the Firebug (level 4, -6/27 HPs)
             Began as an Octopode Fire Elementalist on Dec 27, 2019.
             Killed from afar by an orc wizard (11 damage)
             ... with a magic dart
             ... on level 3 of the Dungeon.
             The game lasted 00:09:14 (1886 turns).

DerDa the Firebug (Octopode Fire Elementalist)      Turns: 1886, Time: 00:09:14

Health: -6/27      AC:  1    Str:  7    XL:     4   Next: 91%
Magic:  5/9        EV: 13    Int: 18    God:
Gold:   109        SH:  0    Dex: 12    Spells: 1/9 levels left

rFire    . . .     SeeInvis .   m - +1 long sword (slice)
rCold    . . .     Gourm    .   (no shield)
rNeg     . . .     Faith    .   (helmet restricted)
rPois    .         Spirit   .   f - amulet of magic regeneration
rElec    .         Reflect  .   (no ring)
rCorr    .         Harm     .   (no ring)
MR       .....                  (no ring)
Stlth    +++.......             (no ring)
HPRegen  0.09/turn              (no ring)
MPRegen  0.36/turn              (no ring)
                                (no ring)
                                (no ring)

@: very slightly contaminated
A: almost no armour, stealthy swim, amphibious, 8 rings, constrict 8, camouflage
1, gelatinous body 1
a: no special abilities


You were on level 3 of the Dungeon.
You were hungry.

You visited 1 branch of the dungeon, and saw 3 of its levels.

You collected 109 gold pieces.

Inventory:

Hand Weapons
 e - a +0 whip
 m - a +1 long sword of slicing (weapon)
Missiles
 p - 21 sling bullets
Armour
 h - a +0 shield
Jewellery
 f - an amulet of magic regeneration (around mantle)
Scrolls
 a - a scroll of magic mapping {unknown}
 d - a scroll of immolation {unknown}
 g - a scroll of identify {unknown}
 k - a scroll of enchant weapon {unknown}
 n - a scroll of teleportation {unknown}
Potions
 c - a potion of agility {unknown}
 i - a potion of heal wounds {unknown}
 l - 2 potions of brilliance {unknown}
 o - a potion of haste {unknown}
Comestibles
 b - 6 rations
 j - 2 chunks of flesh


   Skills:
 - Level 2.3 Dodging
 - Level 2.6 Stealth
 * Level 3.3 Spellcasting
 + Level 2.0 Conjurations
 + Level 3.8 Fire Magic


You had one spell level left.
You knew the following spells:

 Your Spells              Type           Power        Failure   Level  Hunger
a - Foxfire               Conj/Fire      ##..         4%          1    None
b - Conjure Flame         Conj/Fire      ##......     14%         3    ###....
c - Sticky Flame          Conj/Fire      ##......     43%         4    ####...

Your spell library contained the following spells:

 Spells                   Type           Power        Failure   Level  Hunger
 Inner Flame              Hex/Fire       #.......     22%         3    ###....
 Fireball                 Conj/Fire      ##........   78%         5    ######.


Dungeon Overview and Level Annotations

Branches:
Dungeon (3/15)

Altars:
Uskayaw

Annotations:
D:3 Robin, Sigmund


Innate Abilities, Weirdness & Mutations

You cannot wear most types of armour.
You are very stealthy in the water. (Stealth+)
You are amphibious.
You can wear up to eight rings at the same time.
You can use your tentacles to constrict eight enemies at once.
Your skin changes colour to match your surroundings (Stealth+).
Your rubbery body absorbs attacks. (AC +1, EV +1)


Message History

Robin says, "A pitiful Octopus like you will never find the ORB!"
Robin hits you with a +0 spear.
Casting: Sticky Flame (quite dangerous; 43% risk of failure)
Confirm with . or Enter, or press ? or * to list all spells.
Aiming: Sticky Flame (quite dangerous; 43% risk of failure)
Press: ? - help, Shift-Dir - straight line, f/p - Robin
Aim: Robin, wielding a +0 spear, wearing a +0 animal skin and wearing a +0 helmet (moderately wounded)
You miscast Sticky Flame.
You smell something strange.
Robin hits you with a +0 spear.
* * * LOW HITPOINT WARNING * * *
Robin hits you from afar with a +0 spear.
* * * LOW HITPOINT WARNING * * *
The orc wizard gestures wildly while chanting.
The orc wizard blinks!
The orc wizard casts a spell.
The orc wizard blinks!
Robin's bangles clink loudly.
The orc wizard points at you and mumbles some strange words.
The magic dart hits you!
You die...

#.... #.# #.... #.#
.... #.# ..# #.# #.#
#o# ##.## #.# #.)<#
#.# #.#)#########.###
#....@.o..o.....#
##......g.......######
#.#.#####...........#
#.#.### #......####.#
#.#...# #......#.....
#.###.###.####.#.##.#
#.# #.##.#.###.#.##..
#.# #.#.###....#.####
#.# #..## ##....#....


You could see Robin, an orc wizard and an orc.

Vanquished Creatures
  An orc wizard (D:3)
  A worm (D:2)
  2 dart slugs
  A leopard gecko (D:2)
  6 orcs (D:3)
  9 bats
  6 giant cockroaches
  10 goblins
  5 hobgoblins
  4 jackals (D:2)
  4 kobolds
  2 quokkas
  A ball python (D:2)
  A frilled lizard (D:1)
  8 rats
61 creatures vanquished.

Vanquished Creatures (others)
  117 foxfires
117 creatures vanquished.

Grand Total: 178 creatures vanquished

Notes
Turn   | Place    | Note
-------+----------+-------------------------------------------
     0 | D:1      | DerDa the Octopode Fire Elementalist began the quest for
                  | the Orb.
     0 | D:1      | Reached XP level 1. HP: 11/11 MP: 3/3
    91 | D:1      | Reached XP level 2. HP: 4/17 MP: 3/5
   733 | D:1      | Reached XP level 3. HP: 21/21 MP: 4/6
   911 | D:2      | HP: 1/21 [jackal (2)]
  1270 | D:2      | Found a hide-covered altar of Uskayaw.
  1524 | D:3      | Learned a level 3 spell: Conjure Flame
  1532 | D:3      | Noticed Sigmund
  1562 | D:3      | Reached XP level 4. HP: 27/27 MP: 6/8
  1807 | D:3      | Learned a level 4 spell: Sticky Flame
  1841 | D:3      | Noticed Robin
  1886 | D:3      | Killed from afar by an orc wizard

Levels and vault maps discovered:
D:1:      minmay_arrival_radiant_lines, layout_basic, minmay_heptomino_w4
D:2:      layout_rooms, eat_drink_and_be_merry_uskayaw
D:3:      layout_loops_ring, uniq_robin, uniq_sigmund

Skill      XL: |  1  2  3  4 |
---------------+-------------+-----
Spellcasting   | 3 |  3.3
Conjurations   | 2 |  2.0
Dodging        | |  2.3
Stealth        | |  2.6
Fire Magic     | |  3.8

Action                   |  1- 3 |  4- 6 || total
-------------------------+-------+-------++-------
Melee: Unarmed           |    11 |       ||    11
       Tentacles         |     8 |     1 ||     9
       Constrict         |     8 |     5 ||    13
       Whip              |    24 |       ||    24
       Long sword        |     2 |    15 ||    17
 Cast: Foxfire           |    57 |    16 ||    73
  Eat: Chunk             |     2 |     1 ||     3
Armor: Skin              |     8 |     1 ||     9
Dodge: Dodged            |    53 |    21 ||    74
       Rpst.: Long sword |     2 |     9 ||    11

Table legend:
 A = Non-vault XP
 B = Vault XP
 C = Vault XP percentage of total XP
 D = Non-vault monster count
 E = Vault monster count
 F = Vault count percentage of total count
                 A         B        C        D         E       F
            +---------+---------+-------+---------+---------+-------
      Total |     135 |      23 |  14.6 |      47 |      14 |  23.0
            +---------+---------+-------+---------+---------+-------
        D:1 |      31 |       8 |  20.5 |      17 |       6 |  26.1
        D:2 |      41 |       0 |   0.0 |      21 |       0 |   0.0
        D:3 |      63 |      15 |  19.2 |       9 |       8 |  47.1
            +---------+---------+-------+---------+---------+-------
